 Dungeon Crawl Stone Soup version 0.17.1-1-g73c8601 (webtiles) character file.

965 shmeve the Shield-Bearer (level 8, -3/63 HPs)
             Began as a Formicid Fighter on Apr 24, 2016.
             Was a Believer of Okawaru.
             Slain by an orc warrior
             ... wielding a +0 trident
              (12 damage)
             ... on level 6 of the Dungeon.
             The game lasted 00:07:28 (4439 turns).

shmeve the Shield-Bearer (Formicid Fighter)         Turns: 4439, Time: 00:07:28

Health: -3/63      AC: 13    Str: 23    XL:     8   Next: 38%
Magic:  10/10      EV:  6    Int:  8    God:    Okawaru [**....]
Gold:   294        SH: 10    Dex: 10    Spells: 0 memorised, 7 levels left

rFire  . . .     SeeInvis +     a - +0 war axe
rCold  . . .     Clarity  .     o - +0 plate armour
rNeg   . . .     SustAt   .     c - +0 shield
rPois  .         Gourm    .     (helmet unavailable)
rElec  .         Spirit   .     (no cloak)
rCorr  .         Warding  .     (no gloves)
rMut   .         Stasis   +     t - +0 pair of boots
MR     .....                    (no amulet)
Stlth  ..........               (no ring)
                                (no ring)

@: starving, not resistant to hostile enchantments, extremely unstealthy
A: permanent stasis, dig shafts and tunnels, four strong arms, antennae 3
a: Dig, Shaft Self, Heroism, Renounce Religion


You were on level 6 of the Dungeon.
You worshipped Okawaru.
Okawaru was pleased with you.
You were starving.

You visited 1 branch of the dungeon, and saw 6 of its levels.

You collected 294 gold pieces.

Inventory:

Hand Weapons
 a - a +0 war axe (weapon)
Missiles
 y - 21 bolts
Armour
 c - a +0 shield (worn)
 o - a +0 plate armour (worn)
 t - a +0 pair of boots (worn)
Scrolls
 b - 3 scrolls of teleportation {unknown}
 g - 4 scrolls of remove curse {unknown}
 i - 3 scrolls of enchant armour {unknown}
 k - a scroll of blinking {unknown}
 l - a scroll of magic mapping {unknown}
 n - 4 scrolls of identify {unknown}
 u - a scroll of recharging {unknown}
 v - a scroll of noise {unknown}
 x - a scroll of immolation {unknown}
 B - 2 scrolls of enchant weapon {unknown}
Potions
 d - 2 potions of might
 h - 2 potions of heal wounds {unknown}
 m - a potion of invisibility {unknown}
 p - 3 potions of curing {unknown}
 q - a potion of agility {unknown}
 r - a potion of ambrosia {unknown}
 s - a potion of brilliance {unknown}
 w - 2 potions of lignification {unknown}
 A - a potion of magic {unknown}
Comestibles
 e - 5 bread rations
 f - 3 meat rations
 j - 3 slices of pizza


   Skills:
 * Level 5.5 Fighting
 * Level 4.6 Axes
 + Level 4.5 Armour
 + Level 2.7 Dodging
 * Level 6.6 Shields
 + Level 2.8 Invocations


You had 7 spell levels left.
You didn't know any spells.

Dungeon Overview and Level Annotations

Branches:
Dungeon (6/15)
 Temple: D:4-7

Altars:
Fedhas
Okawaru
Qazlal
Ru
Vehumet
Zin


Innate Abilities, Weirdness & Mutations

You are under a permanent stasis effect.
You can dig through walls and to a lower floor.
Your four strong arms can wield two-handed weapons with a shield.
You have a pair of large antennae on your head (SInv).


Message History

The jackal barely misses you. x2
You block the orc warrior's attack.
The jackal bites you but does no damage.
You block the jackal's attack.
You barely miss the orc warrior.
The orc warrior is severely wounded.
You hit the jackal.
You kill the jackal!
Okawaru accepts your kill.
You closely miss the jackal.
The orc warrior hits you but does no damage.
The jackal bites you but does no damage. x2
You hit the orc warrior but do no damage.
The orc warrior is severely wounded.
You closely miss the jackal.
The orc warrior hits you with a trident!
* * * LOW HITPOINT WARNING * * *
You block the jackal's attack.
The orc warrior hits you with a trident!
You die...

.................
.................
#.........$......
#...............
#.......<....$..
#..............
##.............
#..#.)h.......
##...@o.......
##.....[.....
#.....##....
#.#####...... #.#
..... #.# ....
#.# ... .# ...


You could see an orc warrior and a jackal.

Vanquished Creatures
  A phantom (D:4)
  A sky beast (D:5)
  A scorpion (D:5)
  A crimson imp (D:5)
  2 hounds (D:5)
  2 jellies (D:5)
  3 orc priests
  A centaur skeleton (D:5)
  3 orc wizards
  A giant frog skeleton (D:4)
  A giant frog zombie (D:3)
  2 iguanas
  3 worker ants (D:4)
  2 hound skeletons
  8 adders
  A shadow imp (D:3)
  2 oozes (D:2)
  2 worms
  2 giant geckos
  21 orcs
  3 bats
  4 giant cockroaches
  6 hobgoblins
  A jackal (D:6)
  5 kobolds
  3 giant newts
  4 goblins
  A jackal skeleton (D:3)
  A quokka (D:3)
  A quokka skeleton (D:6)
  8 rats
97 creatures vanquished.

Notes
Turn   | Place    | Note
--------------------------------------------------------------
     0 | D:1      | shmeve the Formicid Fighter began the quest for the Orb.
     0 | D:1      | Reached XP level 1. HP: 18/18 MP: 1/1
    66 | D:1      | Reached XP level 2. HP: 16/24 MP: 2/2
   614 | D:2      | Reached XP level 3. HP: 25/29 MP: 3/3
   627 | D:2      | Found a radiant altar of Vehumet.
   759 | D:2      | Reached skill level 4 in Shields
   842 | D:2      | Reached skill level 1 in Dodging
  1193 | D:3      | Reached XP level 4. HP: 35/37 MP: 4/4
  1207 | D:3      | Found an iron altar of Okawaru.
  1215 | D:3      | Became a worshipper of Warmaster Okawaru
  1468 | D:3      | Reached XP level 5. HP: 30/42 MP: 5/5
  2074 | D:4      | Reached skill level 5 in Shields
  2189 | D:4      | Reached XP level 6. HP: 48/48 MP: 6/6
  2193 | D:4      | Noticed a phantom
  2198 | D:4      | Reached skill level 1 in Invocations
  2275 | D:4      | Killed a phantom
  2275 | D:4      | Reached * piety under Okawaru
  2579 | D:4      | Reached XP level 7. HP: 38/55 MP: 8/8
  3077 | D:5      | Entered Level 5 of the Dungeon
  3287 | D:5      | Found a sacrificial altar of Ru.
  3458 | D:5      | Reached skill level 5 in Fighting
  3458 | D:5      | Reached skill level 6 in Shields
  3479 | D:5      | Reached ** piety under Okawaru
  3485 | D:5      | Reached XP level 8. HP: 48/62 MP: 9/9
  4125 | D:5      | Found a stormy altar of Qazlal.
  4125 | D:5      | Found a blossoming altar of Fedhas.
  4126 | D:5      | Found a glowing silver altar of Zin.
  4439 | D:6      | Slain by an orc warrior

Action                   |  1- 3 |  4- 6 |  7- 9 || total
-------------------------+-------+-------+-------++-------
Melee: War axe           |   108 |   167 |   143 ||   418
  Eat: Chunk             |     1 |     4 |     5 ||    10
